 Dungeon Crawl Stone Soup version 0.20.1-1-g8b1a95d (webtiles) character file.

41 Fisto the Chopper (level 3, 0/43 HPs)
             Began as a Human Monk on Nov 13, 2017.
             Slain by an adder (3 damage)
             ... on level 2 of the Dungeon.
             The game lasted 00:06:23 (1361 turns).

Fisto the Chopper (Human Monk)                      Turns: 1361, Time: 00:06:24

Health: 0/43       AC: 21    Str: 12    XL:     3   Next: 75%
Magic:  3/3        EV:  2    Int: 10    God:
Gold:   76         SH:  0    Dex: 15    Spells: 2/2 levels left

rFire    x . .     SeeInvis .   a - +0 hand axe
rCold    + . .     Gourm    .   (no shield)
rNeg     + + +     Faith    .   (armour currently unavailable)
rPois    +         Spirit   .   (helmet currently unavailable)
rElec    .         Reflect  .   (cloak currently unavailable)
rCorr    .         Harm     .   (gloves currently unavailable)
MR       .....     NoTele   +   (boots currently unavailable)
Stlth    ++........             f - amulet of inaccuracy (curse)
Regen    0.2/turn               h - ring of ice
MPRegen  0.1/turn               (no ring)

@: lethally poisoned (0 -> -4), tree-form
A: rugged brown scales 1, deterioration 1, mutation resistance 1
a: no special abilities


You were on level 2 of the Dungeon.
You were hungry.
You were a tree.
You visited 1 branch of the dungeon, and saw 2 of its levels.

You collected 76 gold pieces.

Inventory:

Hand Weapons
 a - a +0 hand axe (weapon)
Armour
 m - a +0 ring mail (melded)
Jewellery
 f - a cursed amulet of inaccuracy (around neck)
 h - a ring of ice (left branch)
Scrolls
 g - 3 scrolls of identify {unknown}
 l - a scroll of immolation {unknown}
Potions
 e - a potion of mutation
Comestibles
 c - a bread ration
 j - a royal jelly
 k - a meat ration


   Skills:
 + Level 3.4 Fighting
 + Level 3.5 Axes
 + Level 1.0 Armour
 + Level 3.3 Dodging
 + Level 2.1 Stealth


You had 2 spell levels left.
You didn't know any spells.

Dungeon Overview and Level Annotations

Branches:
Dungeon (2/15)

Altars:


Innate Abilities, Weirdness & Mutations

(You are partially covered in rugged brown scales. (AC +1, +3% HP))
Your body sometimes deteriorates upon taking damage.
You are somewhat resistant to further mutation.


Message History

The adder bites you but does no damage.
You closely miss the adder.
The adder is almost dead.
* * * LOW HITPOINT WARNING * * *
You feel sick. The adder bites you but does no damage.
You closely miss the adder.
The adder is severely wounded.
* * * LOW HITPOINT WARNING * * *
You feel sick.
The adder bites you but does no damage. x2
You miss the adder.
The adder is severely wounded.
The adder bites you but does no damage.
You miss the adder.
The adder is severely wounded.
* * * LOW HITPOINT WARNING * * *
You feel sick.
The adder bites you but does no damage. x2
You miss the adder.
The adder is severely wounded.
The adder bites you.
You die...

.. ##.###...##.....# #...#
.#..#.......###..#..## #...#
.............##..# #..######...#
#............##..###..##......>.
.............#..................
#.........†..##....##.##........
#............##..#.#..######...#
..####.......##..<..#.# #...# ##
#######.##♣......# #...#
#......S..###.## #...#
#.##...†..# #.# ....
#...##.###.# #.#. #######...####
#...(...# #J####..# ..
#.####..###.... #.##...b....#


You could see an adder.

Vanquished Creatures
  3 oozes
  2 giant cockroaches (D:1)
  3 goblins
  3 hobgoblins (D:1)
  3 kobolds
  8 bats
  7 rats
29 creatures vanquished.

Notes
Turn   | Place    | Note
-------+----------+-------------------------------------------
     0 | D:1      | Fisto the Human Monk began the quest for the Orb.
     0 | D:1      | Reached XP level 1. HP: 18/18 MP: 1/1
   307 | D:1      | Gained mutation: Your body sometimes deteriorates upon taking damage. [potion of mutation]
   307 | D:1      | Gained mutation: You are somewhat resistant to further mutation. [potion of mutation]
   307 | D:1      | Gained mutation: You are partially covered in rugged brown scales. (AC +1, +3% HP) [potion of mutation]
   345 | D:1      | Reached XP level 2. HP: 5/24 MP: 2/2
   858 | D:1      | Reached XP level 3. HP: 28/29 MP: 3/3
  1275 | D:2      | Reached skill level 1 in Armour
  1360 | D:2      | HP: 2/43 [poisoned by an adder]
  1361 | D:2      | Slain by an adder

Skill      XL: |  1  2  3 |
---------------+----------+-----
Armour         | 1 |  1.0
Fighting       | |  3.4
Axes           | |  3.5
Dodging        | |  3.3
Stealth        | |  2.1

Action                   || total
-------------------------++-------
Melee: Hand axe          ||   136
  Use: Potion            ||     3
       Scroll            ||     2
 Stab: Sleeping          ||     3
  Eat: Chunk             ||     1
Armor: Leather armour    ||    11
       Ring mail         ||    37
       Skin              ||     8
Dodge: Dodged            ||   127
